 Dungeon Crawl Stone Soup version 0.30-a0-585-g93115170b9 (webtiles) character file.

Game seed: 9917980992911777243

37 Citaku the Trooper (level 3, 0/29 HPs)
             Began as a Human Fighter on Jan 2, 2023.
             Slain by a black bear (2 damage)
             ... on level 2 of the Dungeon.
             The game lasted 00:03:37 (1017 turns).

Citaku the Trooper (Human Fighter)                  Turns: 1017, Time: 00:03:37

Health: 0/29       AC:  6    Str: 18    XL:     3   Next: 60%
Magic:  3/3        EV:  9    Int:  8    God:
Gold:   73         SH:  4    Dex: 12    Spells: 2/2 levels left

rFire   . . .      SeeInvis .    a - +0 rapier
rCold   . . .      Faith    .    c - +0 buckler
rNeg    . . .      Spirit   .    b - +0 scale mail
rPois   .          Reflect  .    (no helmet)
rElec   .          Harm     .    (no cloak)
rCorr   .          Rampage  .    (no gloves)
Will    .....                    (no boots) Stlth
                                 (no amulet)
HPRegen 0.24/turn                (no ring)
MPRegen 0.08/turn                (no ring)

@: mighty
A: no striking features
a: no special abilities


You were on level 2 of the Dungeon.
You visited 1 branch of the dungeon, and saw 2 of its levels.

You collected 73 gold pieces.

Inventory:

Hand Weapons
 a - a +0 rapier (weapon)
Armour
 b - a +0 scale mail (worn)
 c - a +0 buckler (worn)
Magical Staves
 i - a staff of fire
Scrolls
 f - a scroll of enchant weapon {unknown}
 g - a scroll of silence {unknown}
 h - 3 scrolls of identify {unknown}
 j - a scroll of fog {unknown}


   Skills:
 + Level 3.4 Fighting
 + Level 2.7 Short Blades
 + Level 3.2 Armour
 + Level 3.2 Shields


You had 2 spell levels left.
You didn't know any spells.
Your spell library contained the following spells:

 Spells                   Type           Power      Damage    Failure   Level
 Ensorcelled Hibernation  Hex/Ice        0%         N/A       95%         2
 Passwall                 Tmut/Erth      0%         N/A       95%         2
 Sublimation of Blood     Necr           0%         N/A       95%         2
 Wereblood                Tmut           0%         N/A       95%         2
 Swiftness                Air            0%         N/A       99%         3
 Summon Hydra             Summ           0%         N/A       100%        7


Dungeon Overview and Level Annotations

Branches:
Dungeon (2/15)

Altars:


Message History

You now have 43 gold pieces (gained 8).
You now have 49 gold pieces (gained 6).
Found 4 gold pieces.
You now have 54 gold pieces (gained 5).
You now have 69 gold pieces (gained 15).
You now have 73 gold pieces (gained 4).
h - 3 scrolls labelled XOWOAFRIFES (gained 1)
You pick up a book of Blood and begin reading...
You add the spells Sublimation of Blood, Wereblood and Summon Hydra to your library.
Found a stone staircase leading up.
A black bear comes into view.
The black bear growls angrily.
There are no items here.
You feel very mighty all of a sudden.
Blink to where?
Press: ? - help, Dir - move target
As you read the scroll labelled ALUNUNT ACSY, it crumbles to dust.
It was a scroll of blinking.
The black bear bites you but does no damage.
The black bear misses you. You block the black bear's attack.
You barely miss the black bear. The black bear bites you.
The black bear claws you. The black bear closely misses you.
You puncture the black bear!
The black bear is heavily wounded.
You block the black bear's attack. x2; The black bear closely misses you.
You hit the black bear.
The black bear is severely wounded.
The black bear bites you.
The black bear claws you but does no damage. x2
You hit the black bear.
The black bear is severely wounded.
The black bear goes berserk!
The black bear bites you!
The black bear claws you but does no damage.
The black bear claws you.
You hit the black bear.
The black bear is severely wounded.
The black bear bites you!
* * * LOW HITPOINT WARNING * * *
The black bear claws you.
You die...

#.... .... .##
#.#.# #...
######## ##.
#.# #...
#......#
#..##.##..#.
#......#
..##..#..##.
#.....<#
..##....# #.
#......#
#.....###
#.####h.....#
......#
#..#..@.....#
.#...##
####.#.####.###
.....#
#......#.....#
.#...#
#......#.....#
##...#
#............#
##...#
#......#.....#
.....##
####.###.....#
####..####...
##.##.## #
##..#...## #..#
.###


You could see a black bear (berserk).

Vanquished Creatures
  An adder (D:2)
  A worm (D:2)
  A dart slug (D:1)
  4 endoplasms
  A giant cockroach (D:1)
  A goblin (D:1)
  A hobgoblin (D:1)
  3 jackals (D:1)
  A quokka (D:1)
  A ball python (D:1)
  3 frilled lizards (D:1)
  2 kobolds (D:1)
  2 rats (D:2)
22 creatures vanquished.

Vanquished Creatures (others)
  A kraken (D:1)
  A ghoul (D:1)
  A minotaur (D:1)
  A draconian (D:1)
  A vine stalker (D:1)
  A troll (D:1)
  A merfolk (D:1)
  3 formicids (D:1)
  A naga (D:1)
  A tengu (D:1)
  A mummy (D:1)
  7 tentacles (D:1)
20 creatures vanquished.

Grand Total: 42 creatures vanquished

Notes
Turn   | Place    | Note
-------+----------+-------------------------------------------
     0 | D:1      | Citaku the Human Fighter began the quest for the Orb.
     0 | D:1      | Reached XP level 1. HP: 18/18 MP: 1/1
     2 | D:1      | Noticed a formicid
     2 | D:1      | Noticed a formicid
     2 | D:1      | Noticed a tengu
     2 | D:1      | Noticed a vine stalker
     2 | D:1      | Noticed a merfolk
     2 | D:1      | Noticed a naga
     2 | D:1      | Noticed a draconian
     2 | D:1      | Noticed a formicid
     2 | D:1      | Noticed a kraken
     2 | D:1      | Noticed a minotaur
     2 | D:1      | Noticed a troll
     2 | D:1      | Noticed a ghoul
     2 | D:1      | Noticed a draconian
     2 | D:1      | Noticed a minotaur
     2 | D:1      | Noticed a ghoul
     3 | D:1      | Killed a tengu
     5 | D:1      | Killed a formicid
     5 | D:1      | Killed a formicid
     6 | D:1      | Killed a merfolk
     6 | D:1      | Killed a vine stalker
     7 | D:1      | Killed a naga
     7 | D:1      | Killed a formicid
    10 | D:1      | Killed a troll
    11 | D:1      | Killed a draconian
    12 | D:1      | Killed a ghoul
    13 | D:1      | Killed a minotaur
    15 | D:1      | Killed a kraken
   329 | D:1      | Reached XP level 2. HP: 20/24 MP: 2/2
   642 | D:1      | Reached XP level 3. HP: 27/29 MP: 3/3
  1008 | D:2      | Noticed a black bear
  1017 | D:2      | Slain by a black bear

Illustrated notes

Levels and vault maps discovered:
D:1:      nicolae_arrival_kraken_aquarium_b, layout_loops_cross
D:2:      layout_rooms

Action                   || total
-------------------------++-------
Melee: Rapier            ||    80
  Use: Scroll            ||     1
       Potion            ||     1
Armor: Scale mail        ||    38
Dodge: Dodged            ||    35
Block: Buckler           ||    22

Table legend: (Time is in decaauts)
 A = Elapsed time spent in this place.
 B = Non-inter-level travel time spent in this place.
 C = Inter-level travel time spent in this place.
 D = Time resting spent in this place.
 E = Time spent auto-exploring this place.
 F = Levels seen in this place.
 G = Mean time per level.
                   A        B        C        D        E       F      G
               +--------+--------+--------+--------+--------+-----+--------+
         Total |   1026 |   1026 |      0 |     94 |    237 |   2 |  513.0 |
       Dungeon |   1026 |   1026 |      0 |     94 |    237 |   2 |  513.0 |
               +--------+--------+--------+--------+--------+-----+--------+

Top non-repeatable levels by time:
     D:1: 790 daAuts
     D:2: 235 daAuts
